Map: Hardwire LE

Players

Astrea

  • Race: Protoss Protoss
  • League: Master

ByuN - Winner!

  • Race: Terran Terran

Event: DreamHack SC2 Masters Last Chance 2022

VOD

Have the link to the VOD?

Description

Time

  • Played on: Dec. 19, 2021, 6:55 p.m.
  • Length: 14:58

All games in this series

Show
View Real Time Build Order
Export as new Build Order

Astrea Protoss 

Build Orders: 1 Gate Expand, Phoenix Opening 

Get SALT Encoding   

  12  0:00  Probe  
  13  0:12  Probe  
  14  0:18  Pylon  
  14  0:24  Probe  
  15  0:32  Pylon  
  15  0:36  Probe  
  16  0:48  Probe  
  17  0:50  Gateway  
  17  1:00  Assimilator  
  17  1:01  Probe  
  18  1:13  Probe  
  19  1:25  Probe  
  20  1:32  Nexus  
  20  1:36  Zealot (Chrono Boost)  
  22  1:49  Pylon  
  22  1:54  Cybernetics Core  
  22  1:57  Probe  
  23  2:06  Assimilator  
  22  2:09  Probe (Chrono Boost)  
  22  2:12  Gateway  
  23  2:22  Probe (Chrono Boost)  
  24  2:29  Probe (Chrono Boost)  
  25  2:30  Shield Battery  
  25  2:35  Stalker  
  25  2:36  Probe  
  28  2:39  Warp Gate  
  27  2:44  Probe  
  27  2:48  Probe  
  27  2:59  Probe (Chrono Boost)  
  27  3:00  Stalker (Chrono Boost)  
  29  3:06  Probe (Chrono Boost)  
  33  3:16  Probe (Chrono Boost), Sentry (Chrono Boost)  
  33  3:17  Probe (Chrono Boost)  
  34  3:23  Probe  
  34  3:32  Probe (Chrono Boost)  
  35  3:35  Probe (Chrono Boost)  
  35  3:37  Twilight Council  
  36  3:45  Probe x2 (Chrono Boost)  
  38  3:50  Phoenix  
  38  3:51  Probe  
  38  3:53  Probe  
  38  3:55  Pylon  
  40  4:03  Probe  
  40  4:05  Probe  
  40  4:06  Robotics Facility  
  41  4:15  Probe  
  41  4:19  Probe  
  41  4:22  Blink (Chrono Boost)  
  33  4:27  Probe  
  33  4:28  Stalker  
  36  4:35  Probe  
  37  4:39  Probe  
  37  4:41  Stalker  
  40  4:47  Probe  
  40  4:51  Probe  
  42  4:54  Observer  
  42  4:59  Probe  
  44  5:04  Probe  
  43  5:11  Probe  
  43  5:16  Probe (Chrono Boost)  
  43  5:18  Stalker  
  46  5:21  Stalker  
  46  5:28  Probe (Chrono Boost)  
  50  5:29  Probe (Chrono Boost)  
  50  5:31  Observer  
  50  5:35  Probe (Chrono Boost), Pylon  
  49  5:38  Probe (Chrono Boost)  
  49  5:42  Probe  
  50  5:48  Probe  
  52  5:54  Probe  
  52  5:58  Stalker  
  52  6:00  Observer, Probe  
  52  6:02  Pylon  
  55  6:06  Probe  
  56  6:12  Probe, Charge (Chrono Boost)  
  56  6:13  Pylon  
  57  6:18  Probe  
  57  6:24  Probe  
  59  6:26  Observer  
  59  6:30  Probe  
  60  6:36  Probe  
  60  6:37  Stalker x2  
  62  6:41  Observer  
  62  6:42  Probe  
  56  6:52  Phoenix  
  57  6:55  Gateway  
  57  6:56  Gateway  
  57  6:58  Gateway  
  57  6:59  Gateway  
  57  7:00  Nexus  
  56  7:04  Gateway  
  56  7:05  Probe x2  
  58  7:13  Zealot, Sentry  
  62  7:15  Assimilator  
  62  7:17  Probe  
  62  7:19  Probe  
  62  7:20  Immortal  
  67  7:31  Observer  
  67  7:35  Probe  
  68  7:39  Zealot x2  
  73  7:48  Pylon  
  72  7:51  Zealot x2  
  72  7:55  Zealot  
  78  7:59  Shield Battery  
  78  8:04  Observer  
  78  8:09  Zealot x4  
  83  8:14  Zealot x2  
  83  8:16  Observer  
  71  8:21  Probe  
  71  8:24  Stalker  
  69  8:27  Probe x2  
  69  8:30  Sentry  
  69  8:31  Zealot x3  
  69  8:34  Probe  
  79  8:36  Zealot x2  
  79  8:39  Observer (Chrono Boost), Probe  
  87  8:51  Sentry x2  
  87  8:53  Stalker x2  
  87  8:54  Stalker  
  95  8:56  Stalker  
  95  8:57  Stalker  
  91  9:17  Zealot x5  
  91  9:23  Observer  
  91  9:24  Pylon  
  101  9:25  Pylon  
  101  9:32  Pylon x2  
  101  9:41  Warp Prism  
  99  9:48  Probe x3  
  99  9:51  Zealot x7, Templar Archives  
  110  9:56  Shield Battery  
  110  9:57  Observer  
  110  10:03  Probe x2  
  110  10:06  Pylon  
  112  10:07  Pylon  
  112  10:10  Forge  
  112  10:11  Probe  
  113  10:14  Assimilator  
  113  10:15  Assimilator, Probe x2  
  113  10:20  Sentry x4  
  123  10:22  Observer  
  123  10:23  Probe  
  123  10:24  Stalker  
  126  10:30  Observer  
  126  10:35  Psionic Storm  
  116  10:48  Zealot x6  
  126  10:55  Immortal  
  130  11:03  Pylon  
  130  11:05  Probe  
  130  11:08  Gateway  
  131  11:11  Gateway  
  131  11:14  High Templar  
  133  11:22  Zealot x5  
  125  11:47  Protoss Ground Weapons Level 1 (Chrono Boost)  
  125  11:50  High Templar x2  
  125  11:51  Zealot x4  
  128  12:11  Robotics Facility, Assimilator  
  128  12:12  Pylon  
  128  12:20  Zealot x2  
  128  12:23  Pylon  
  128  12:24  Pylon  
  126  12:30  High Templar x2  
  126  12:31  High Templar x2  
  126  12:32  Zealot x2  
  138  12:38  Pylon  
  138  12:40  Pylon x2  
  138  12:48  Nexus  
  138  12:49  Zealot  
  138  12:50  Zealot  
  142  12:53  Pylon  
  142  12:56  Probe x3  
  145  13:00  Robotics Bay  
  145  13:01  High Templar  
  145  13:03  Robotics Facility  
  147  13:05  Zealot  
  147  13:06  Zealot x4  
  151  13:21  Zealot x2  
  153  13:39  Photon Cannon, Shield Battery  
  151  13:42  Pylon  
  151  13:45  Disruptor (Chrono Boost)  
  151  13:48  Probe x3, Disruptor (Chrono Boost)  
  160  14:00  Probe  
  160  14:02  Zealot x8  
  154  14:26  Zealot x6  
  130  14:32  Zealot  
  130  14:33  Zealot  
  99  14:46  Zealot x4  
  99  14:47  Zealot x2  
Show
View Real Time Build Order
Export as new Build Order

ByuN Terran - Winner!

Build Orders: 1/1/1 

Get SALT Encoding   

  12  0:00  SCV  
  13  0:12  SCV  
  14  0:17  Supply Depot  
  14  0:24  SCV  
  15  0:38  SCV  
  15  0:39  Barracks  
  16  0:44  Refinery  
  16  0:51  SCV  
  16  0:55  Refinery  
  17  1:03  SCV  
  18  1:15  SCV  
  19  1:27  Reaper  
  19  1:28  Orbital Command  
  20  1:42  Factory  
  20  1:53  Supply Depot  
  20  1:54  SCV  
  20  1:59  Reaper  
  22  2:01  Supply Depot  
  22  2:07  SCV, Bunker  
  23  2:23  SCV  
  23  2:26  Widow Mine  
  23  2:27  Starport  
  26  2:32  Supply Depot  
  26  2:35  SCV  
  27  2:47  SCV  
  27  2:49  Widow Mine  
  30  2:59  SCV  
  30  3:04  Medivac  
  33  3:09  Barracks Reactor  
  33  3:11  Widow Mine  
  35  3:17  Supply Depot  
  35  3:30  Command Center  
  35  3:33  Factory Tech Lab  
  34  3:36  SCV  
  34  3:37  Starport Tech Lab  
  35  3:44  Barracks  
  35  3:48  SCV  
  36  3:52  Marine x2  
  38  3:57  Siege Tank  
  41  4:03  Banshee  
  44  4:11  SCV  
  44  4:16  Marine x2  
  46  4:24  SCV  
  47  4:36  Marine x2  
  47  4:37  Siege Tank  
  53  4:40  SCV  
  53  4:43  Supply Depot  
  53  4:52  SCV  
  54  4:53  Barracks  
  52  5:01  Marine  
  52  5:02  Liberator, Marine x2  
  58  5:07  SCV  
  58  5:14  Siege Tank  
  56  5:19  SCV  
  57  5:24  Orbital Command  
  57  5:31  SCV  
  57  5:35  Marine x3  
  61  5:43  SCV  
  61  5:44  Barracks Tech Lab  
  61  5:45  Stimpack  
  62  5:55  SCV  
  62  5:56  SCV, Engineering Bay  
  64  5:58  Bunker  
  64  6:01  Marine  
  64  6:02  Starport Reactor  
  64  6:04  Supply Depot  
  65  6:07  SCV, Refinery  
  65  6:08  SCV  
  65  6:11  Supply Depot, Marine  
  66  6:15  Marine x2  
  69  6:19  SCV  
  69  6:20  SCV  
  69  6:22  Terran Infantry Weapons Level 1  
  71  6:27  Missile Turret  
  71  6:31  SCV  
  71  6:32  SCV  
  69  6:42  Marauder x2  
  69  6:43  SCV, Marine  
  69  6:44  SCV  
  73  6:50  Medivac x2  
  74  6:55  SCV  
  74  6:56  SCV  
  76  7:05  Combat Shield  
  76  7:07  SCV, Refinery  
  76  7:08  SCV  
  76  7:12  Marauder x2, Marine x2  
  76  7:14  Widow Mine  
  85  7:17  Supply Depot  
  85  7:18  Refinery  
  85  7:19  SCV  
  85  7:20  SCV  
  87  7:32  SCV x2  
  87  7:33  Marauder  
  87  7:34  Marauder  
  92  7:41  Marine x2  
  92  7:44  Supply Depot, SCV  
  95  7:53  Medivac x2, Command Center  
  95  7:55  Marauder  
  101  8:00  Marauder  
  103  8:06  Barracks  
  103  8:07  Barracks  
  90  8:21  Marauder, Marine x2  
  90  8:22  Marauder  
  98  8:28  Widow Mine, SCV x2  
  98  8:30  Supply Depot  
  98  8:31  Terran Infantry Armor Level 1  
  98  8:34  Medivac x2  
  103  8:40  SCV x2  
  105  8:43  Marine  
  105  8:44  Marauder x2  
  105  8:45  Marine  
  111  8:52  SCV  
  111  8:53  Widow Mine, SCV  
  111  8:54  Barracks Reactor, Concussive Shells  
  111  8:55  Barracks Tech Lab  
  115  9:04  SCV  
  115  9:07  SCV x2  
  114  9:14  Marauder x2, Marine x2  
  114  9:15  Marauder  
  114  9:17  SCV  
  120  9:19  SCV  
  120  9:20  Orbital Command  
  121  9:26  Ghost Academy  
  121  9:29  SCV  
  119  9:36  Marauder x2  
  119  9:37  Marauder  
  119  9:38  Marine x4  
  127  9:40  SCV  
  127  9:41  SCV  
  128  9:49  Supply Depot  
  128  9:50  SCV  
  128  9:52  SCV, Refinery  
  130  9:53  SCV, Refinery, Medivac x2  
  130  9:58  Enhanced Shockwaves  
  130  9:59  Supply Depot  
  135  10:05  Marauder  
  135  10:06  Marauder  
  141  10:09  Marauder  
  141  10:10  Marine x4  
  141  10:13  Supply Depot  
  145  10:26  Ghost x2  
  149  10:29  Ghost  
  149  10:30  SCV x3  
  148  10:42  SCV x3  
  146  10:52  Medivac  
  146  10:53  Medivac, Marine x3  
  146  10:54  SCV x2, Marine  
  157  10:59  Sensor Tower  
  157  11:09  Armory  
  156  11:11  Engineering Bay  
  156  11:14  Marauder x3, Marine x3  
  156  11:17  Marine  
  164  11:34  Marine x3  
  164  11:40  Marauder  
  164  11:42  Marauder  
  164  11:44  Marauder  
  162  11:50  Liberator x2  
  165  12:00  Command Center  
  165  12:04  Marauder  
  165  12:05  Marauder  
  165  12:07  Marauder  
  160  12:20  Marine x3  
  161  12:24  Ghost  
  161  12:26  Ghost  
  165  12:30  Terran Infantry Weapons Level 2, Terran Infantry Armor Level 2  
  165  12:32  Supply Depot  
  165  12:34  Supply Depot  
  165  12:45  SCV x2, Viking, Ghost  
  165  12:46  SCV  
  172  12:51  Marine  
  172  12:53  Viking, Marine x3  
  172  12:58  Supply Depot, SCV x3  
  181  13:02  Supply Depot  
  181  13:05  Ghost x2  
  176  13:21  SCV  
  176  13:22  SCV, Ghost  
  177  13:29  Planetary Fortress  
  177  13:31  SCV  
  177  13:33  SCV, Ghost x2  
  181  13:34  SCV  
  182  13:42  Viking x2  
  182  13:43  SCV  
  182  13:45  SCV  
  188  13:51  Ghost  
  188  13:54  Marine x4  
  194  14:01  Barracks  
  194  14:03  Barracks x2  
  192  14:19  Marauder x2  
  192  14:20  Marauder  
  192  14:23  Marine x4  
  183  14:52  Barracks Reactor, Barracks Tech Lab x2  

Tags
 
Add a new tag
Caveats
  • Supply blocks, unpowered buildings, or Contaminate may cause inaccurate times.
  • Supply counts are checked every 10 seconds.